Get step-by-step instructions on how to execute this build order below. Start the game timer, and the build order will tick by so you can play in parallel with StarCraft on a second screen or mobile device.

Game Time

  0:00

Last Step

  N/A

Next Step

Upcoming Step



Don't want to look back and forth between 2 screens? Try out our Overwolf App, the Spawning Tool Build Advisor to get an in-game overlay with this build!

Complete Build Order

  12  0:01  Drone  
  13  0:08  Drone  
  14  0:18  Extractor  
  14  0:19  Extractor  
  14  0:20  Drone  
  13  0:22  Drone  
  13  0:27  Overlord  
  16  0:49  Hatchery  
  15  0:52  Drone  
  15  0:56  Drone  
  17  0:59  Drone  
  18  1:13  Spawning Pool  
  18  1:15  Extractor  
  18  1:18  Drone  
  17  1:23  Drone  
  18  1:29  Drone  
  19  1:40  Overlord  
  19  1:59  Queen  
  21  2:01  Zergling x2  
  21  2:02  Zergling x2  
  21  2:03  Queen  
  21  2:06  Drone  
  26  2:15  Drone x2  
  28  2:26  Metabolic Boost  
  28  2:28  Drone x2  
  30  2:37  Drone  
  30  2:38  Evolution Chamber  
  30  2:39  Zergling x2  
  30  2:43  Zergling x2  
  32  2:44  Queen  
  32  2:49  Overlord  
  34  3:09  Zerg Melee Weapons Level 1  
  34  3:12  Drone x2  
  36  3:13  Drone  
  36  3:14  Queen  
  36  3:15  Overlord  
  39  3:23  Zergling x4  
  39  3:24  Zergling x4  
  43  3:30  Zergling x2  
  43  3:31  Overlord  
  44  3:41  Zergling x2  
  44  3:42  Zergling x8  
  44  3:44  Zergling x2  
  44  3:46  Zergling x2  
  51  3:53  Queen  
  53  4:05  Baneling Nest  
  53  4:06  Drone  
  53  4:07  Zergling x8  
  57  4:19  Zergling x2  
  57  4:20  Zergling x4  
  59  4:34  Zergling x10  
  59  4:35  Zergling x2  
  59  4:42  Zergling x2  
  52  4:55  Zergling x10  
  55  5:08  Baneling x5, Zergling x2  
  55  5:09  Zergling x4  
  55  5:10  Queen  
  59  5:15  Queen  
  59  5:16  Overlord  
  55  5:46  Zergling x4  
  55  5:47  Zergling x4  
  57  5:53  Zergling x4  
  57  5:54  Zergling x4  
  55  5:59  Zergling x2  
  55  6:00  Zergling x2  
  51  6:18  Zergling x8  
  55  6:26  Lair  
  55  6:28  Drone x2  
  53  6:44  Hatchery  
  53  6:46  Drone x4  
  50  6:48  Spore Crawler x2  
  50  6:50  Spore Crawler  
  47  6:55  Drone x3, Extractor  
  49  7:04  Zerg Ground Armor Level 1  
  49  7:05  Drone  
  49  7:06  Drone x2  
  49  7:07  Drone x3  
  55  7:18  Evolution Chamber  
  55  7:19  Drone  
  55  7:20  Drone  
  56  7:28  Hydralisk Den  
  55  7:31  Queen  
  55  7:32  Queen  
  55  7:33  Spore Crawler  
  55  7:35  Drone x4  
  59  7:42  Spore Crawler  
  57  7:45  Overlord  
  57  7:47  Drone x2  
  57  7:48  Drone x3  
  62  7:59  Spore Crawler  
  61  8:07  Drone x3  
  61  8:09  Drone x2, Spore Crawler  
  61  8:12  Zerg Missile Weapons Level 1  
  65  8:19  Hydralisk x2  
  65  8:20  Hydralisk x3  
  65  8:24  Drone x2  
  65  8:26  Lurker Den  
  76  8:29  Drone  
  76  8:30  Drone  
  66  9:06  Drone x6  
  66  9:07  Drone  
  73  9:10  Hydralisk x3  
  73  9:15  Extractor  
  73  9:16  Extractor  
  77  9:23  Overlord  
  77  9:24  Extractor, Overlord  
  76  9:37  Drone x2  
  78  9:38  Extractor  
  78  9:39  Overlord x2  
  77  9:45  Drone  
  77  9:46  Drone x2, Queen  
  77  9:47  Queen x2  
  77  9:49  Overlord x2  
  86  9:58  Infestation Pit  
  85  10:06  Hydralisk  
  85  10:13  Drone x4, Overlord  
  91  10:20  Overlord  
  91  10:21  Overlord  
  91  10:27  Zerg Missile Weapons Level 2  
  91  10:28  Hatchery  
  90  10:46  Overlord  
  90  10:48  Hydralisk x2  
  90  10:49  Hydralisk x4  
  102  10:57  Drone x2  
  102  10:58  Drone x3  
  102  11:00  Muscular Augments  
  107  11:04  Lurker  
  108  11:13  Queen x3  
  108  11:15  Overlord  
  114  11:23  Hydralisk x6  
  114  11:24  Hydralisk  
  128  11:29  Zergling x2  
  128  11:30  Zergling x6  
  132  11:36  Zergling x4  
  134  11:40  Hydralisk x2  
  138  11:54  Hydralisk, Lurker x2  
  140  11:57  Overlord x2  
  140  11:59  Queen x2  
  142  12:12  Grooved Spines  
  134  12:33  Hydralisk x3  
  134  12:34  Hydralisk x7  
  148  12:43  Hydralisk  
  148  12:44  Hydralisk x5  
  142  12:47  Hydralisk  
  142  12:59  Hydralisk x4  
  146  13:08  Hydralisk x3  
  146  13:10  Hydralisk  
  148  13:23  Hydralisk  
  148  13:24  Hydralisk x2  
  154  13:32  Hive  
  154  13:35  Drone x4  
  154  13:36  Drone x3  
  161  13:54  Hydralisk x3  
  167  13:57  Zerg Ground Armor Level 2  
  167  14:02  Hydralisk x2  
  165  14:13  Drone, Spire  
  165  14:17  Spore Crawler x2  
  161  14:19  Drone x3, Spore Crawler  
  161  14:20  Drone  
  161  14:21  Drone  
  164  14:28  Hydralisk  
  164  14:29  Infestor  
  164  14:30  Infestor  
  170  14:58  Lurker x4  
  170  14:59  Overseer  
  138  15:35  Hydralisk  
  138  15:36  Hydralisk x6  
  142  15:45  Hydralisk x4  
  142  15:46  Hydralisk  
  124  16:17  Hydralisk x3  
  124  16:18  Hydralisk x2  
  130  16:24  Hydralisk x5  
  130  16:25  Hydralisk x6  
  154  16:35  Queen x4  
  154  16:36  Hydralisk x3  
  154  16:39  Overlord x2  
  168  16:42  Overlord  
  168  16:53  Overlord x2  
  168  16:56  Zerg Missile Weapons Level 3  
  168  17:11  Extractor, Queen x3  
  168  17:12  Zerg Flyer Weapons Level 1  
  168  17:13  Extractor, Corruptor x3  
  178  17:15  Hatchery  
  178  17:21  Lurker  
  179  17:22  Zergling x2  
  179  17:23  Zergling x8  
  179  17:25  Centrifical Hooks  
  183  17:30  Drone x2  
  183  17:32  Extractor  
  183  17:34  Extractor  
  183  17:48  Drone x3  
  183  17:49  Drone x2, Hydralisk, Overlord x2  
  183  17:50  Hydralisk x5  
  198  17:52  Lurker  
  199  18:06  Lurker  
  180  18:39  Hydralisk x3  
  180  18:40  Hydralisk x8  
  149  18:46  Hydralisk x6  
  137  18:56  Hydralisk x4  
  133  19:08  Queen  
  133  19:09  Queen x2  
  134  19:23  Hydralisk x4  
  126  19:26  Hydralisk x4  
  126  19:30  Hydralisk  
  126  19:31  Hydralisk  
  124  19:49  Hydralisk x7  
  138  20:02  Hydralisk x2  
  138  20:04  Seismic Spines  
  122  20:22  Hydralisk  
  122  20:23  Hydralisk x3  
  118  20:30  Hydralisk x6  
  124  20:38  Hydralisk x2  
  124  20:39  Hydralisk x2  
  124  20:59  Queen x4  
  132  21:06  Zerg Ground Armor Level 3  
  132  21:09  Lurker x2  
  134  21:14  Lurker x2  
  134  21:15  Lurker x2  
  138  21:20  Lurker  
  139  21:29  Hydralisk  
  141  21:33  Lurker  
  142  21:52  Hydralisk x2  
  121  22:01  Hydralisk  
  121  22:02  Hydralisk x3, Swarm Host  
  121  22:03  Hydralisk x4  
  121  22:04  Hydralisk  
  140  22:08  Hydralisk x2  
  140  22:09  Hydralisk  
  136  22:28  Drone x2  
  136  22:29  Drone  
  130  22:32  Hydralisk x4  
  130  22:36  Hydralisk  
  130  22:37  Hydralisk  
  139  22:50  Hatchery  
  136  22:55  Queen x3  
  136  22:57  Hydralisk x2  
  142  23:12  Hydralisk x2  
  140  23:13  Hydralisk x3  
  135  23:21  Lurker  
  135  23:22  Lurker x6  
  134  23:44  Hydralisk x5  
  134  23:45  Hydralisk x2  
  135  24:13  Extractor  
  135  24:14  Extractor  
  108  24:24  Hydralisk x6  
  108  24:29  Hydralisk x2